r e k t, neutral male scurrid Tourist --- .@. W.. r e k t the Rambler Experience level: 1 Strength: 12 Dexterity: 11 Constitution: 14 Intelligence: 12 Wisdom: 12 Charisma: 14 Health: 0(9) Energy: 2(2) Def: 0 Gold: 202 Moves: 35 Dungeon seed: gLKIWZ5ILO_g501G Game ID: r e k t_1498624948 Your Inventory: Coins $ - 202 gold pieces Weapons a - 38 uncursed +2 darts (in quiver) Armor e - an uncursed +0 Hawaiian shirt (being worn) Comestibles b - 2 uncursed tripe rations c - 2 uncursed tins of newt meat d - an uncursed egg f - 3 uncursed food rations g - an uncursed tin of spinach h - an uncursed cream pie i - an uncursed chestnut Scrolls l - 4 uncursed scrolls of magic mapping Potions j - a blessed potion of extra healing k - an uncursed potion of extra healing Wands o - an uncursed wand of secret door detection (0:13) Tools m - an uncursed expensive camera (0:56) n - an uncursed credit card p - an uncursed oil lamp (0:1464) Spells and supernatural/magical abilities: Name Level Category Fail Memory W - pray for help -- divine ? -- Your skills at the end: Miscellaneous Skills wands [Basic] Weapon Skills dart [Basic] Spellcasting Skills Final Attributes: You were devoutly aligned. You had infravision. You were very stealthy. You are dead. Vanquished creatures: a manes Voluntary challenges: You went without food. You did not adorn yourself with jewelry or accessories. You did not cause conflict. You were not invisible. You did not have reflection. You were not displaced. You were an atheist. You never hit with a wielded weapon. You were a pacifist. You did not use tools. You did not use plumbed fixtures. You did not drink any magical draughts. You were illiterate. You never genocided any monsters. You never polymorphed an object. You never changed form. You used no wishes. You never split a pudding. You never wrote Elbereth's name. You never violated your personal moral code. Dungeon overview: The Dungeons of Doom: levels 1 to 15 Level 1 a long staircase Level 2 a scroll shop Level 3 Level 4 Level 5 Level 6 a fountain Level 7 Level 8 Level 9 Level 10 Level 11 Level 12 Level 13 Level 14 Level 15 <- You were here History has recorded: On T:1 you entered the Dungeons of Doom to retrieve the Amulet of Yendor! On T:4 you reached level 2 of The Dungeons of Doom. On T:8 you reached level 4 of The Dungeons of Doom. On T:10 you reached level 5 of The Dungeons of Doom. On T:13 you reached level 6 of The Dungeons of Doom. On T:15 you reached level 7 of The Dungeons of Doom. On T:17 you reached level 8 of The Dungeons of Doom. On T:19 you reached level 9 of The Dungeons of Doom. On T:22 you reached level 10 of The Dungeons of Doom. On T:25 you reached level 11 of The Dungeons of Doom. On T:28 you reached level 12 of The Dungeons of Doom. On T:30 you reached level 13 of The Dungeons of Doom. On T:32 you reached level 14 of The Dungeons of Doom. On T:34 you reached level 15 of The Dungeons of Doom. On T:34 you entered the Rogue tribute level. Score breakdown: Gold: 0 ( 0 points) Experience: 1 level ( 0 points) Exploration: 15 levels ( 420 points) Discoveries: 1 item ( 50 points) Variety of kills: 1 monster ( 50 points) Major goal: (nothing yet) ( 0 points) Survival: died (score multiplied by 3) Total score: 1560 Latest messages: You dig a pit in the floor. You continue digging downward. You dig a hole through the floor. You fall through... The jitterbug bites! (2x) You start digging downward. The jitterbug bites! (2x) You continue digging downward. You dig a pit in the floor. The jitterbug bites! You continue digging downward. You dig a hole through the floor. You fall through... You enter what seems to be an older, more primitive world. You receive a faint telepathic message from Twoflower: Your help is urgently needed at Ankh-Morpork! Look for a ...ic transporter. You couldn't quite make out that last message. You start digging downward. The manes punches you! (2x) The manes bites! You die... Final status: Aloha r e k t the Tourist, killed by a manes... You died in The Dungeons of Doom on dungeon level 15 with 1560 points, and 202 pieces of gold, after 35 moves. You were level 1 with a maximum of 9 hit points when you died.